[Event "ICC tourney 2548 (75 10)"]
[Site "Internet Chess Club"]
[Date "2021.05.01"]
[Round "3"]
[White "BELOUS, VLADIMIR:Openyagami"]
[Black "YAN, RUIYANG:jy2020"]
[Result "1-0"]
[ICCResult "Black resigns"]
[WhiteElo "2602"]
[BlackElo "2229"]
[Opening "English: Neo-Catalan"]
[ECO "A13"]
[NIC "RE.11"]
[Time "18:01:48"]
[PlyCount "101"]
[TimeControl "4500+10"]

1. Nf3 Nf6 2. c4 e6 3. g3 d5 4. Bg2 d4 5. O-O c5 6. e3 Nc6 7. exd4 cxd4 8.
Re1 Bd6 9. d3 O-O 10. Bg5 h6 11. Bxf6 Qxf6 12. Nbd2 Qe7 13. a3 a5 14. Nb3
Qf6 15. c5 Bc7 16. Nbd2 e5 17. Qa4 Bd7 18. Nc4 Rfe8 19. Nfd2 Qe7 20. Ne4
Nb4 21. Qb3 Na6 22. Nb6 Rab8 23. Nxd7 Qxd7 24. Rac1 b6 25. c6 Qc8 26. Re2
Re7 27. Qb5 f5 28. Nd2 Nc5 29. b4 axb4 30. axb4 Ne6 31. Nc4 Nf8 32. Rce1
Ng6 33. h4 Qe8 34. h5 Nf8 35. Nxe5 Qxh5 36. Qd5+ Kh7 37. Bf3 Qe8 38. Nd7
Rxe2 39. Rxe2 Qg6 40. Nxb8 Bxb8 41. Qd8 Bxg3 42. fxg3 Qxg3+ 43. Bg2 Ng6 44.
c7 Nf4 45. Qg8+ Kg6 46. Qe8+ Kh7 47. c8=Q Nh3+ 48. Kh1 Nf2+ 49. Rxf2 Qxf2
50. Qxf5+ Qxf5 51. Be4 { Black resigns } 1-0

[Event "ICC tourney 2548 (75 10)"]
[Site "Internet Chess Club"]
[Date "2021.05.01"]
[Round "3"]
[White "BROWN, WAYNE B:Plato"]
[Black "CARTER, DAVID E:CARTERD253"]
[Result "1/2-1/2"]
[ICCResult "Game drawn by mutual agreement"]
[WhiteElo "2025"]
[BlackElo "2119"]
[Opening "Four knights: Scotch, 4...exd4"]
[ECO "C47"]
[NIC "SO.03"]
[Time "18:02:33"]
[PlyCount "81"]
[TimeControl "4500+10"]

1. e4 e5 2. Nf3 Nc6 3. Nc3 Nf6 4. d4 exd4 5. Nxd4 Bb4 6. Nxc6 bxc6 7. Bd3
d5 8. exd5 cxd5 9. O-O O-O 10. Bg5 c6 11. Na4 h6 12. Bh4 Be7 13. c3 Rb8 14.
Bc2 Ne4 15. Bxe7 Qxe7 16. Qd4 Rd8 17. b4 Qf6 18. Qxf6 Nxf6 19. Rfd1 Be6 20.
a3 Nd7 21. f3 Re8 22. Kf2 f6 23. Rd2 Bf7 24. Re1 Ne5 25. Bd3 Re7 26. Ba6
Rbe8 27. Rde2 Kf8 28. Nc5 Nd7 29. Nb3 Bg6 30. Rxe7 Rxe7 31. Rxe7 Kxe7 32.
Ke3 Kd6 33. c4 dxc4 34. Bxc4 Nb6 35. Bf1 Nd5+ 36. Kd4 Ne7 37. g4 Bf7 38.
Nc5 Bd5 39. Ke3 f5 40. Bd3 fxg4 41. fxg4 { Game drawn by mutual agreement }
1/2-1/2

[Event "ICC tourney 2548 (75 10)"]
[Site "Internet Chess Club"]
[Date "2021.05.01"]
[Round "3"]
[White "MYSORE, ABHINAV NAVEEN:Mapking1"]
[Black "EHSANI, YASSAMIN:Blue-Elephant1"]
[Result "1/2-1/2"]
[ICCResult "Game drawn by mutual agreement"]
[WhiteElo "2011"]
[BlackElo "2095"]
[Opening "Sicilian: Kan, 5.Nc3"]
[ECO "B43"]
[NIC "SI.41"]
[Time "18:01:51"]
[PlyCount "106"]
[TimeControl "4500+10"]

1. e4 c5 2. Nf3 e6 3. d4 cxd4 4. Nxd4 a6 5. Nc3 Qc7 6. Bd3 Nf6 7. O-O Nc6
8. Nxc6 dxc6 9. b3 e5 10. f4 Bc5+ 11. Kh1 Bd4 12. Bd2 exf4 13. Bxf4 Be5 14.
Bxe5 Qxe5 15. Qd2 O-O 16. Rae1 Bg4 17. Na4 b5 18. Qc3 Rfe8 19. Qxe5 Rxe5
20. Nc3 Rd8 21. Nb1 h6 22. Nd2 c5 23. h3 Bc8 24. Kh2 Rde8 25. Rf2 Bb7 26.
Rfe2 Nd7 27. c4 b4 28. Nf3 R5e7 29. Kg1 Ne5 30. Nxe5 Rxe5 31. Kf2 Rd8 32.
Re3 Rd4 33. R1e2 Kf8 34. g4 Ke7 35. Kf3 Kd6 36. h4 f6 37. Kf4 Ke6 38. Kg3
a5 39. Kf4 Rd8 40. Kg3 Bc6 41. Kf4 a4 42. Re1 axb3 43. axb3 Ra8 44. R3e2
Ra3 45. Bc2 Ra2 46. h5 Ke7 47. Bd3 Ra7 48. Rb2 Rd7 49. Rd2 Rd4 50. Ree2 Kf7
51. Bc2 Rxd2 52. Rxd2 Ke7 53. Rd1 Bb7 { Game drawn by mutual agreement }
1/2-1/2

[Event "ICC tourney 2548 (75 10)"]
[Site "Internet Chess Club"]
[Date "2021.05.01"]
[Round "3"]
[White "RODRIGUEZ, ELENA:Cachi16"]
[Black "DAI, GEORGE JINGCHANG:GeorgeDai"]
[Result "0-1"]
[ICCResult "White resigns"]
[WhiteElo "2100"]
[BlackElo "2077"]
[Opening "Caro-Kann: Steinitz variation"]
[ECO "B17"]
[NIC "CK.09"]
[Time "18:01:42"]
[PlyCount "72"]
[TimeControl "4500+10"]

1. e4 c6 2. d4 d5 3. Nd2 dxe4 4. Nxe4 Nd7 5. Bc4 Ngf6 6. Ng3 e6 7. Qe2 Be7
8. Nf3 O-O 9. O-O Nd5 10. Bd2 Bd6 11. Rfe1 N7f6 12. Ne5 c5 13. dxc5 Bxc5
14. Rad1 Qc7 15. Bb3 b6 16. c4 Ne7 17. Bf4 Qb7 18. Bc2 Ng6 19. Bg5 Nxe5 20.
Qxe5 Ng4 21. Qe2 Bxf2+ 22. Kh1 Bxe1 23. Rxe1 f5 24. h3 Nf6 25. Qe5 Bd7 26.
Bxf6 Rxf6 27. Nh5 Rf7 28. Re3 Qb8 29. Qc3 Qf8 30. Rg3 Rd8 31. b4 Qe7 32.
Qe5 Bc8 33. Bb3 Qc7 34. Qc3 Bb7 35. Nf6+ Kh8 36. Nh5 f4 { White resigns }
0-1

[Event "ICC tourney 2548 (75 10)"]
[Site "Internet Chess Club"]
[Date "2021.05.01"]
[Round "3"]
[White "MAITI, MILIND:milindm"]
[Black "SHARMA, VISHRUTH:VishyNo1"]
[Result "1-0"]
[ICCResult "Black resigns"]
[WhiteElo "2247"]
[BlackElo "2081"]
[Opening "Old Indian: main line"]
[ECO "A55"]
[NIC "QP.07"]
[Time "18:02:19"]
[PlyCount "71"]
[TimeControl "4500+10"]

1. d4 Nf6 2. c4 d6 3. Nf3 Nbd7 4. Nc3 e5 5. e4 g6 6. h3 Bg7 7. Bg5 h6 8.
Be3 O-O 9. d5 Kh7 10. g4 Nc5 11. Nd2 Na6 12. Be2 c5 13. h4 Ng8 14. h5 g5
15. f3 Bd7 16. Kf2 Nc7 17. Qc2 Qf6 18. Kg2 a6 19. Rab1 b5 20. b4 cxb4 21.
Rxb4 Rfc8 22. Qb2 a5 23. Rxb5 Nxb5 24. cxb5 Rcb8 25. Nc4 Qe7 26. a4 Nf6 27.
Bd3 Qd8 28. Qf2 Qc8 29. Rc1 Bxg4 30. fxg4 Qxg4+ 31. Qg3 Qxg3+ 32. Kxg3
Nxh5+ 33. Kf3 Bf8 34. b6 Nf6 35. Nb5 Nd7 36. Nc7 { Black resigns } 1-0

[Event "ICC tourney 2548 (75 10)"]
[Site "Internet Chess Club"]
[Date "2021.05.01"]
[Round "3"]
[White "WOFFORD, MATTHEW:hoshibosh"]
[Black "HU, ALEXANDER C:ahu1015"]
[Result "1/2-1/2"]
[ICCResult "Game drawn by mutual agreement"]
[WhiteElo "2155"]
[BlackElo "2023"]
[Opening "Sicilian: dragon, Yugoslav attack"]
[ECO "B75"]
[NIC "SI.17"]
[Time "18:01:56"]
[PlyCount "86"]
[TimeControl "4500+10"]

1. e4 c5 2. Nf3 d6 3. d4 cxd4 4. Nxd4 Nf6 5. Nc3 g6 6. Be3 Bg7 7. f3 a6 8.
Qd2 h5 9. Bc4 b5 10. Bb3 Bb7 11. O-O-O Nbd7 12. Kb1 Rc8 13. h4 Qc7 14. Bg5
Nb6 15. Rhe1 O-O 16. Bh6 Nc4 17. Qg5 Nh7 18. Qc1 Nxb2 19. Bxg7 Kxg7 20.
Ncxb5 axb5 21. Nxb5 Nxd1 22. Nxc7 Nc3+ 23. Kb2 Rxc7 24. Qd2 Nf6 25. Qd4
Rfc8 26. g4 hxg4 27. fxg4 e5 28. Qxd6 Nxg4 29. Rg1 Nxe4 30. Qb4 Ne3 31. h5
g5 32. h6+ Kh7 33. Qb5 f6 34. Qb6 Nd5 35. Qe6 Ne3 36. Re1 Nxc2 37. Qf5+ Kh8
38. Rxe4 Bxe4 39. Qxe4 Nd4 40. Qg6 Rf8 41. Bd5 Rb8+ 42. Bb3 Rf8 43. Bd5
Rb8+ { Game drawn by mutual agreement } 1/2-1/2

[Event "ICC tourney 2548 (45 10)"]
[Site "Internet Chess Club"]
[Date "2021.05.02"]
[Round "1"]
[White "Ecuadorian"]
[Black "Pawnchain"]
[Result "1-0"]
[ICCResult "Black checkmated"]
[WhiteElo "1000"]
[BlackElo "1000"]
[Opening "King's Indian: 5.Be2"]
[ECO "E73"]
[NIC "KI.27"]
[Time "11:02:56"]
[PlyCount "55"]
[TimeControl "2700+10"]

1. d4 Nf6 2. c4 g6 3. Nc3 Bg7 4. e4 d6 5. Be2 O-O 6. g4 e5 7. d5 c6 8. g5
Ne8 9. h4 f5 10. h5 f4 11. Nf3 Bg4 12. hxg6 hxg6 13. Rg1 Bxf3 14. Bxf3 Nc7
15. Qb3 Qc8 16. Bg4 Nd7 17. dxc6 bxc6 18. c5+ Rf7 19. cxd6 Rb8 20. Bxd7
Rxb3 21. Bxc8 Rxc3 22. bxc3 Nb5 23. Be6 Nxc3 24. d7 Nxe4 25. d8=Q+ Kh7 26.
Rh1+ Bh6 27. Rxh6+ Kg7 28. Qh8# { Black checkmated } 1-0

[Event "ICC tourney 2548 (45 10)"]
[Site "Internet Chess Club"]
[Date "2021.05.02"]
[Round "1"]
[White "martin1223"]
[Black "Egmont"]
[Result "0-1"]
[ICCResult "White resigns"]
[WhiteElo "1000"]
[BlackElo "1000"]
[Opening "French: Steinitz variation"]
[ECO "C11"]
[NIC "FR.04"]
[Time "11:02:54"]
[PlyCount "42"]
[TimeControl "2700+10"]

1. e4 e6 2. d4 d5 3. Nc3 Nf6 4. e5 Nfd7 5. Bb5 c5 6. Be3 cxd4 7. Bxd4 Nc6
8. Nf3 Nxd4 9. Qxd4 a6 10. Be2 Bc5 11. Qd2 Qc7 12. O-O Nxe5 13. Nxe5 Qxe5
14. Rfe1 Qf6 15. Bf3 O-O 16. Rad1 Rb8 17. a3 b5 18. b4 Bb6 19. Ne2 Bb7 20.
Nf4 Rfd8 21. Qe2 Qxf4 { White resigns } 0-1

[Event "ICC tourney 2548 (45 10)"]
[Site "Internet Chess Club"]
[Date "2021.05.02"]
[Round "1"]
[White "Manas"]
[Black "lostpawn2000"]
[Result "1-0"]
[ICCResult "Black resigns"]
[WhiteElo "1000"]
[BlackElo "1000"]
[Opening "Caro-Kann: exchange variation"]
[ECO "B13"]
[NIC "CK.02"]
[Time "11:03:14"]
[PlyCount "71"]
[TimeControl "2700+10"]

1. e4 c6 2. d4 d5 3. exd5 cxd5 4. Bd3 Nc6 5. c3 e5 6. dxe5 Nxe5 7. Qe2 Qe7
8. Bb5+ Nd7 9. Be3 Qe6 10. Nf3 Be7 11. O-O Nh6 12. Re1 Nf5 13. Nd4 Nxd4 14.
Bxd4 Qxe2 15. Rxe2 f6 16. Nd2 Kf7 17. Rae1 Re8 18. Nf1 a6 19. Bd3 g6 20.
Ne3 Nf8 21. Nxd5 Ne6 22. Nxe7 Nxd4 23. cxd4 b5 24. Nxc8 Raxc8 25. Rxe8 Rxe8
26. Rxe8 Kxe8 27. a4 Kd8 28. axb5 axb5 29. Bxb5 Kc7 30. Bc4 h6 31. f4 g5
32. fxg5 fxg5 33. b4 Kd6 34. Kf2 Kc6 35. Kf3 Kd6 36. Kg4 { Black resigns }
1-0

[Event "ICC tourney 2548 (45 10)"]
[Site "Internet Chess Club"]
[Date "2021.05.02"]
[Round "1"]
[White "zap2"]
[Black "EdwardTarte"]
[Result "1-0"]
[ICCResult "Black resigns"]
[WhiteElo "1000"]
[BlackElo "1000"]
[Opening "Réti: King's Indian attack (Barcza system)"]
[ECO "A07"]
[NIC "QP.09"]
[Time "11:03:17"]
[PlyCount "41"]
[TimeControl "2700+10"]

1. Nf3 d5 2. g3 Nc6 3. Bg2 e5 4. d3 Bd6 5. Nbd2 Nge7 6. e4 dxe4 7. dxe4 O-O
8. c3 Be6 9. O-O f6 10. Qe2 Qd7 11. Re1 Rad8 12. Nc4 a6 13. Ne3 b5 14. a4
bxa4 15. Rxa4 Nd4 16. Nxd4 exd4 17. Rxd4 Nc6 18. Rdd1 Qc8 19. Nf5 Na5 20.
Rxd6 Rxd6 21. Ne7+ { Black resigns } 1-0

[Event "ICC tourney 2548 (45 10)"]
[Site "Internet Chess Club"]
[Date "2021.05.02"]
[Round "1"]
[White "OnseySeyon"]
[Black "timothysmall56"]
[Result "1-0"]
[ICCResult "Black resigns"]
[WhiteElo "1000"]
[BlackElo "1000"]
[Opening "Scandinavian (center counter) defense"]
[ECO "B01"]
[NIC "SD.02"]
[Time "11:04:22"]
[PlyCount "101"]
[TimeControl "2700+10"]

1. e4 d5 2. exd5 Qxd5 3. Nc3 Qd8 4. Nf3 Nf6 5. Bc4 e6 6. d3 Be7 7. Bf4 c6
8. Qe2 b5 9. Bb3 b4 10. Ne4 Nd5 11. Bg3 f5 12. Bxd5 cxd5 13. Ned2 O-O 14.
Be5 Nc6 15. O-O Bf6 16. Rfe1 g5 17. Bxf6 Qxf6 18. c3 bxc3 19. bxc3 g4 20.
Ne5 Nxe5 21. Qxe5 Qxe5 22. Rxe5 Rb8 23. Nb3 Kf7 24. Rae1 Re8 25. f3 gxf3
26. gxf3 Rb6 27. Kf2 Rc6 28. Rc1 Ba6 29. Nd4 Rb6 30. Ke3 Rb2 31. Rc2 Rxc2
32. Nxc2 Rb8 33. Nb4 Rb6 34. Kd4 Bc8 35. Kc5 Bd7 36. Re2 Bb5 37. a4 Bxa4
38. Ra2 Rb5+ 39. Kd4 Ra5 40. Nc6 Ra6 41. Nb4 Ra5 42. c4 e5+ 43. Kc3 d4+ 44.
Kd2 Ke6 45. Nc6 Ra6 46. Nb4 Ra5 47. f4 Kd6 48. fxe5+ Kc5 49. Nd5 Ra6 50. e6
Kc6 51. Nb4+ { Black resigns } 1-0

[Event "ICC tourney 2548 (45 10)"]
[Site "Internet Chess Club"]
[Date "2021.05.02"]
[Round "1"]
[White "smgsmg21"]
[Black "fhunfi"]
[Result "0-1"]
[ICCResult "White resigns"]
[WhiteElo "1000"]
[BlackElo "1000"]
[Opening "French defense"]
[ECO "C00"]
[NIC "FR.01"]
[Time "11:02:54"]
[PlyCount "108"]
[TimeControl "2700+10"]

1. e4 e6 2. Nf3 d5 3. exd5 exd5 4. d4 Bd6 5. c3 Ne7 6. Be2 Nbc6 7. O-O Ng6
8. Be3 Nce7 9. Nbd2 O-O 10. h3 Bf5 11. Nh2 Qd7 12. Bg4 Nf4 13. Bxf5 Qxf5
14. Bxf4 Bxf4 15. Ndf3 Ng6 16. Re1 Rfe8 17. Ng4 h5 18. Ne3 Bxe3 19. Rxe3
Rxe3 20. fxe3 Qe4 21. Qe2 Re8 22. Re1 Nh4 23. Nxh4 Qxh4 24. Rf1 Qg5 25. Rf3
c6 26. Qf2 Qe7 27. Kf1 g6 28. Ke2 a5 29. Kd2 Ra8 30. Rf6 Ra6 31. a3 Rb6 32.
Kc1 a4 33. Rf3 Rb3 34. Qg3 Kg7 35. Qb8 Rb6 36. Qf4 Ra6 37. Rg3 Qf6 38.
Qxf6+ Kxf6 39. Rf3+ Ke6 40. Rf4 g5 41. Rf3 f5 42. g3 b5 43. Kd2 Ra7 44. Kd3
Rh7 45. Ke2 h4 46. gxh4 Rxh4 47. Rg3 g4 48. hxg4 fxg4 49. Kd3 Kf5 50. Rg2
Rh1 51. Rf2+ Kg5 52. Rg2 Kh4 53. e4 Rh3+ 54. Ke2 dxe4 { White resigns } 0-1

[Event "ICC tourney 2548 (45 10)"]
[Site "Internet Chess Club"]
[Date "2021.05.02"]
[Round "1"]
[White "krankenstein"]
[Black "DeepPoo"]
[Result "0-1"]
[ICCResult "White resigns"]
[WhiteElo "1000"]
[BlackElo "1000"]
[Opening "Queen's pawn game"]
[ECO "D00"]
[NIC "QP.08"]
[Time "11:03:22"]
[PlyCount "148"]
[TimeControl "2700+10"]

1. d4 d5 2. h3 e6 3. a3 c5 4. b3 cxd4 5. Qxd4 Nc6 6. Qd1 Nf6 7. e3 Bd6 8.
Nf3 a6 9. Be2 b5 10. b4 Bb7 11. c3 Rc8 12. O-O O-O 13. Nd4 Qe7 14. Nxc6
Rxc6 15. Bb2 Ne4 16. Qe1 Rfc8 17. f3 Ng3 18. Rf2 Qh4 19. f4 Ne4 20. Rf1 Qh6
21. Bd3 f5 22. a4 bxa4 23. Rxa4 Rf8 24. b5 axb5 25. Bxb5 Rb6 26. c4 dxc4
27. Qa5 Bc5 28. Bd4 Ra8 29. Qxa8+ Bxa8 30. Rxa8+ Kf7 31. Be8+ Ke7 32. Bxc5+
Nxc5 33. Nc3 Qf6 34. Nb5 Qb2 35. Nd4 Nd7 36. Rfa1 Rb8 37. R8a7 Kxe8 38.
Nxe6 c3 39. Nxg7+ Ke7 40. Nxf5+ Kf6 41. Nd4 Nc5 42. R1a5 c2 43. Nxc2 Qxc2
44. Rc7 Rb2 45. Rc6+ Ke7 46. Ra7+ Kd8 47. Rd6+ Ke8 48. Rg7 Rb1+ 49. Kh2 Qc1
50. Rxh7 Qc3 51. Rc6 Rb8 52. Rh8+ Qxh8 53. Rxc5 Rd8 54. Re5+ Kf7 55. g4
Rd2+ 56. Kg3 Rd3 57. Rf5+ Ke6 58. Re5+ Kd6 59. h4 Qc8 60. h5 Qc3 61. Kf3
Qc6+ 62. Re4 Qc1 63. Rd4+ Rxd4 64. exd4 Qc3+ 65. Ke4 Ke6 66. f5+ Kf6 67.
Kd5 Qf3+ 68. Kd6 Qxg4 69. h6 Qxf5 70. d5 Qg6 71. Kd7 Kf7 72. d6 Qxh6 73.
Kc7 Qc1+ 74. Kb7 Ke6 { White resigns } 0-1

[Event "ICC tourney 2548 (75 10)"]
[Site "Internet Chess Club"]
[Date "2021.05.02"]
[Round "4"]
[White "LUO, TERRY:Terry1234"]
[Black "SHEEHAN, ETHAN THOMAS:Chessking2008"]
[Result "1-0"]
[ICCResult "Black checkmated"]
[WhiteElo "2266"]
[BlackElo "2192"]
[Opening "King's Indian: orthodox variation"]
[ECO "E94"]
[NIC "KI.15"]
[Time "11:02:16"]
[PlyCount "155"]
[TimeControl "4500+10"]

1. d4 Nf6 2. c4 g6 3. Nc3 Bg7 4. e4 d6 5. Nf3 O-O 6. Be2 e5 7. O-O exd4 8.
Nxd4 Re8 9. f3 c6 10. Kh1 d5 11. cxd5 cxd5 12. Bg5 dxe4 13. Nxe4 h6 14.
Bxf6 Bxf6 15. Nb5 Nc6 16. Nc7 Rxe4 17. fxe4 Qxc7 18. Rxf6 Be6 19. Qd2 Qe5
20. Rff1 Kg7 21. Qc3 Qxc3 22. bxc3 Rc8 23. Rfc1 b6 24. Kg1 Na5 25. Rc2 Rc5
26. Rd1 Nc6 27. Rdd2 Kf6 28. Kf2 Ra5 29. Rb2 Ra3 30. Rdc2 Ne5 31. Ke3 Ra4
32. h3 g5 33. Bb5 Ra5 34. Kd4 Bxa2 35. c4 Ra3 36. Rd2 Bb3 37. Rf2+ Ke6 38.
Rf5 f6 39. Rbf2 Nd7 40. Bxd7+ Kxd7 41. R2f3 a5 42. Rxf6 a4 43. Rxb6 Ra1 44.
Rf7+ Kc8 45. Rxh6 Rd1+ 46. Kc3 Rd8 47. Rfh7 Rd1 48. Rg7 Rd8 49. Rc6+ Kb8
50. Rb6+ Ka8 51. Rxg5 Ka7 52. Rxb3 axb3 53. Kxb3 Rd4 54. e5 Re4 55. Kb4 Kb6
56. Rg6+ Kc7 57. e6 Kd6 58. g4 Re1 59. h4 Rb1+ 60. Kc3 Rc1+ 61. Kd3 Rd1+
62. Kc2 Rd4 63. Kc3 Rf4 64. h5 Rf3+ 65. Kb4 Rf8 66. h6 Rb8+ 67. Kc3 Ke7 68.
h7 Rh8 69. Rh6 Kf8 70. g5 Kg7 71. c5 Rxh7 72. Rxh7+ Kxh7 73. e7 Kg7 74.
e8=Q Kh7 75. Qf7+ Kh8 76. Qe7 Kg8 77. g6 Kh8 78. Qh7# { Black checkmated }
1-0

[Event "ICC tourney 2548 (75 10)"]
[Site "Internet Chess Club"]
[Date "2021.05.02"]
[Round "4"]
[White "REMPE, JONAS JAKOB RAZA:Drachekokosnuss"]
[Black "WANG, ALEXANDER J:ickyquarter"]
[Result "1-0"]
[ICCResult "Black resigns"]
[WhiteElo "2100"]
[BlackElo "2050"]
[Opening "Sicilian: dragon, Yugoslav attack, 10.O-O-O"]
[ECO "B78"]
[NIC "SI.18"]
[Time "11:02:08"]
[PlyCount "87"]
[TimeControl "4500+10"]

1. e4 c5 2. Nf3 d6 3. d4 cxd4 4. Nxd4 Nf6 5. Nc3 g6 6. Be3 Bg7 7. f3 O-O 8.
Bc4 Nc6 9. Qd2 Bd7 10. O-O-O Rc8 11. Bb3 Ne5 12. Kb1 a6 13. h4 h5 14. g4
hxg4 15. h5 Nxh5 16. Rdg1 Rc5 17. Bh6 Kh7 18. Bxg7 Kxg7 19. f4 Nc6 20. Nxc6
Bxc6 21. f5 Rh8 22. Qg5 Be8 23. Qxg4 Nf6 24. Qg5 Rh7 25. Nd5 Rxd5 26. Bxd5
Qb6 27. fxg6 fxg6 28. Rxh7+ Kxh7 29. Rh1+ Nh5 30. Qxe7+ Kh6 31. Qxe8 Qd4
32. Qf8+ Kg5 33. Qf3 Qe5 34. Rg1+ Kh6 35. Qf8+ Qg7 36. Qxg7+ Kxg7 37. Bxb7
Nf4 38. Bxa6 Kf6 39. Bd3 g5 40. a4 Ne6 41. a5 Nd4 42. a6 Nc6 43. b4 Nxb4
44. a7 { Black resigns } 1-0

[Event "ICC tourney 2548 (75 10)"]
[Site "Internet Chess Club"]
[Date "2021.05.02"]
[Round "4"]
[White "TURCOTTE,JONATHAN:JonnyTurgi"]
[Black "BROWN, WAYNE B:Plato"]
[Result "1/2-1/2"]
[ICCResult "Game drawn by mutual agreement"]
[WhiteElo "2100"]
[BlackElo "2025"]
[Opening "QGD: Tartakower (Makagonov-Bondarevsky) system"]
[ECO "D58"]
[NIC "QO.10"]
[Time "11:02:21"]
[PlyCount "63"]
[TimeControl "4500+10"]

1. d4 d5 2. c4 e6 3. Nf3 Nf6 4. Nc3 Be7 5. Bg5 O-O 6. e3 h6 7. Bh4 b6 8.
Bd3 Bb7 9. O-O c5 10. Qe2 dxc4 11. Bxc4 Nbd7 12. Rfd1 Ne4 13. Nxe4 Bxe4 14.
Bg3 Qc8 15. Rac1 a5 16. a3 a4 17. Bb5 Bc6 18. dxc5 Nxc5 19. Nd4 Bd5 20. f3
Rd8 21. e4 Bb3 22. Nxb3 Rxd1+ 23. Qxd1 axb3 24. Bc4 Qd8 25. Bxb3 Nd3 26.
Rc2 Bc5+ 27. Kf1 Qd4 28. Rd2 Qg1+ 29. Ke2 Qe3+ 30. Kf1 Qg1+ 31. Ke2 Qe3+
32. Kf1 { Game drawn by mutual agreement } 1/2-1/2

[Event "ICC tourney 2548 (75 10)"]
[Site "Internet Chess Club"]
[Date "2021.05.02"]
[Round "4"]
[White "HU, ALEXANDER C:ahu1015"]
[Black "CHEUNG, RYAN:H2ODerp"]
[Result "1/2-1/2"]
[ICCResult "Game drawn by mutual agreement"]
[WhiteElo "2023"]
[BlackElo "2069"]
[Opening "French: Tarrasch, Guimard main line"]
[ECO "C04"]
[NIC "FR.15"]
[Time "11:02:06"]
[PlyCount "81"]
[TimeControl "4500+10"]

1. e4 e6 2. d4 d5 3. Nd2 Nc6 4. Ngf3 Nf6 5. e5 Nd7 6. Nb3 a5 7. a4 b6 8. c3
Ba6 9. Bxa6 Rxa6 10. Qe2 Ra8 11. O-O Be7 12. Ne1 O-O 13. Qg4 f5 14. exf6
Rxf6 15. f4 Qf8 16. Nd3 Re8 17. Bd2 Bd6 18. Ne5 Ncb8 19. Rae1 Qe7 20. Nc1
Bxe5 21. fxe5 Rxf1+ 22. Rxf1 Rf8 23. Ne2 Rxf1+ 24. Kxf1 Nf8 25. h4 Qe8 26.
Nf4 Nbd7 27. h5 Qf7 28. Kg1 c6 29. Be1 g6 30. hxg6 hxg6 31. Bh4 Qf5 32. Qg3
c5 33. Kh2 Kf7 34. Bd8 cxd4 35. cxd4 Nh7 36. Nh3 Nhf8 37. Qh4 Qh5 38. Qe7+
Kg8 39. Qe8 Qg4 40. Ng5 Qh4+ 41. Kg1 { Game drawn by mutual agreement }
1/2-1/2

[Event "ICC tourney 2548 (75 10)"]
[Site "Internet Chess Club"]
[Date "2021.05.02"]
[Round "4"]
[White "RAMA, TEJAS:tejasrama"]
[Black "HEBDEN, MARK L:mhebden"]
[Result "1/2-1/2"]
[ICCResult "Game drawn by mutual agreement"]
[WhiteElo "2282"]
[BlackElo "2503"]
[Opening "King's Indian: Sämisch, 6...Nc6"]
[ECO "E83"]
[NIC "KI.36"]
[Time "11:02:10"]
[PlyCount "97"]
[TimeControl "4500+10"]

1. d4 Nf6 2. c4 g6 3. Nc3 Bg7 4. e4 d6 5. f3 O-O 6. Be3 Nc6 7. Qd2 a6 8.
Bd3 e5 9. d5 Nd4 10. Bg5 c5 11. h4 Qa5 12. Nce2 Qxd2+ 13. Kxd2 h6 14. Be3
Bd7 15. Nh3 b5 16. Nf2 Rfb8 17. Rhb1 Nh5 18. Bxd4 exd4 19. g4 Nf6 20. g5
Nh7 21. f4 h5 22. b3 Nf8 23. f5 Be5 24. f6 Be8 25. Kc2 Nd7 26. a4 bxa4 27.
bxa4 Rb4 28. a5 Rab8 29. Nh3 Bh2 30. Rxb4 cxb4 31. Nhg1 Ne5 32. Nxd4 Bg3
33. Ngf3 Bd7 34. Rb1 b3+ 35. Kc3 Nxf3 36. Nxf3 Bg4 37. Nd4 Bxh4 38. Nc6 Ra8
39. c5 dxc5 40. e5 Bxg5 41. Rxb3 Bf4 42. Rb7 Bf3 43. Kc4 h4 44. e6 fxe6 45.
dxe6 Bxc6 46. Rg7+ Kh8 47. Bxg6 Bg5 48. Rh7+ Kg8 49. Rg7+ { Game drawn by
mutual agreement } 1/2-1/2

[Event "ICC tourney 2548 (75 10)"]
[Site "Internet Chess Club"]
[Date "2021.05.02"]
[Round "4"]
[White "YAN, RUIYANG:jy2020"]
[Black "CHEN, RYO WENYU:e4f5"]
[Result "1/2-1/2"]
[ICCResult "Game drawn by mutual agreement"]
[WhiteElo "2229"]
[BlackElo "2295"]
[Opening "Sicilian"]
[ECO "B56"]
[NIC "SI.25"]
[Time "11:02:01"]
[PlyCount "78"]
[TimeControl "4500+10"]

1. e4 c5 2. Nf3 d6 3. d4 cxd4 4. Nxd4 Nf6 5. Nc3 Nc6 6. f3 e5 7. Nb3 Be6 8.
Nd5 Be7 9. c4 O-O 10. Be3 Nd7 11. Qd2 Nc5 12. Bd3 Rc8 13. Nxc5 dxc5 14. O-O
Bd6 15. Rad1 Nd4 16. Bxd4 cxd4 17. Rde1 f6 18. g3 g5 19. h4 gxh4 20. g4 Rf7
21. Qh6 Qf8 22. Qxh4 Qg7 23. Re2 Qg6 24. Rg2 Bxd5 25. cxd5 Qg5 26. Qxg5+
fxg5 27. Kf2 Bb4 28. Kg3 Rfc7 29. Rh1 Rc1 30. Rxc1 Rxc1 31. Rc2 Rxc2 32.
Bxc2 Kf7 33. Kf2 Ke7 34. Ke2 Kd6 35. Ba4 Ba5 36. Kd3 Be1 37. Be8 Bf2 38.
Kc4 Be3 39. Kd3 Bf2 { Game drawn by mutual agreement } 1/2-1/2

[Event "ICC tourney 2548 (75 10)"]
[Site "Internet Chess Club"]
[Date "2021.05.02"]
[Round "4"]
[White "EHSANI, YASSAMIN:Blue-Elephant1"]
[Black "SHARMA, VISHRUTH:VishyNo1"]
[Result "1/2-1/2"]
[ICCResult "Game drawn by mutual agreement"]
[WhiteElo "2095"]
[BlackElo "2081"]
[Opening "Old Indian defense"]
[ECO "A53"]
[NIC "OI.04"]
[Time "11:02:21"]
[PlyCount "82"]
[TimeControl "4500+10"]

1. d4 Nf6 2. c4 d6 3. Nc3 Nbd7 4. e4 e5 5. d5 Be7 6. Nge2 O-O 7. Ng3 c6 8.
Be2 a5 9. O-O Nc5 10. Be3 cxd5 11. cxd5 g6 12. Bc4 Nfd7 13. a3 Bg5 14. Bxg5
Qxg5 15. b4 axb4 16. axb4 Rxa1 17. Qxa1 Na6 18. Bxa6 bxa6 19. Qa5 Qd8 20.
Na4 Qxa5 21. bxa5 f5 22. Rc1 Nf6 23. Nb6 f4 24. Ne2 Bb7 25. f3 Rf7 26. Rc4
Ne8 27. Kf1 Rc7 28. Rxc7 Nxc7 29. Ke1 Kf7 30. Kd2 Ke7 31. Nc3 g5 32. Kd3 h5
33. Kc4 Ne8 34. Na2 Kd8 35. Nb4 Kc7 36. Kd3 Nf6 37. Ke2 Ng8 38. Kf2 Ne7 39.
Kg1 Ng6 40. Nd3 Bc8 41. Nf2 Bd7 { Game drawn by mutual agreement } 1/2-1/2

[Event "ICC tourney 2548 (75 10)"]
[Site "Internet Chess Club"]
[Date "2021.05.02"]
[Round "4"]
[White "DENG, HENRY:SuperPuzzler"]
[Black "CARTER, DAVID E:CARTERD253"]
[Result "1/2-1/2"]
[ICCResult "Game drawn by mutual agreement"]
[WhiteElo "2076"]
[BlackElo "2119"]
[Opening "Ruy Lopez: Bird's defense"]
[ECO "C61"]
[NIC "RL.05"]
[Time "11:02:01"]
[PlyCount "90"]
[TimeControl "4500+10"]

1. e4 e5 2. Nf3 Nc6 3. Bb5 Nd4 4. Nxd4 exd4 5. O-O Bc5 6. c3 c6 7. Bc4 d5
8. exd5 cxd5 9. Bb5+ Kf8 10. b3 Nf6 11. Ba3 Bxa3 12. Nxa3 Qa5 13. Qc1 Bf5
14. cxd4 Rc8 15. Qb2 a6 16. b4 Qb6 17. Ba4 g6 18. Bc2 Be6 19. Bd3 Kg7 20.
Nc2 h5 21. h4 Qd6 22. Ne1 g5 23. hxg5 Ng4 24. f4 h4 25. Qb1 h3 26. g3 h2+
27. Kh1 Rh3 28. Ng2 Rxg3 29. Be2 Rh8 30. Qe1 Rhh3 31. Rb1 Bf5 32. Rb3 Rxb3
33. axb3 Qe6 34. Rf3 Rh8 35. Rg3 Re8 36. Bxg4 Qxe1+ 37. Nxe1 Rxe1+ 38. Kxh2
Bxg4 39. Rxg4 Re4 40. Kg3 Rxd4 41. f5 Rxd2 42. Kf3 Rd3+ 43. Kf4 Rxb3 44.
Ke5 b6 45. Kxd5 a5 { Game drawn by mutual agreement } 1/2-1/2